 Dungeon Crawl Stone Soup version 0.30-a0-1114-gd936c97349 (webtiles) character file.

Game seed: 17240479981625429085

40226 leviel the Severer (level 14, -5/193 HPs)
             Began as a Hill Orc Fighter on Apr 20, 2023.
             Was an Initiate of Gozag.
             Slain by a wyvern (10 damage)
             ... on level 5 of the Lair of Beasts.
             The game lasted 00:26:08 (13336 turns).

leviel the Severer (Hill Orc Fighter)              Turns: 13336, Time: 00:26:08

Health: -5/193     AC: 27    Str: 20    XL:     14   Next: 10%
Magic:  5/14       EV:  2    Int: 10    God:    Gozag
Gold:   1468       SH:  8    Dex: 12    Spells: 13/13 levels left

rFire   x . .      SeeInvis .    a - +4 war axe (venom)
rCold   . . .      Faith    .    c - +1 buckler
rNeg    + + +      Spirit   .    g - melded +5 scale mail of Too Many Cooks {rPois Str+3}
rPois   +          Reflect  .    M - melded +2 hat of the Bear Spirit {Spirit, Bear, *Rage Will++}
rElec   +          Rampage  .    u - melded +2 cloak
rCorr   .          NoTele   +    (gloves currently unavailable)
Will    +....                    K - melded +0 pair of boots
Stlth   +                        r - amulet of regeneration
HPRegen 1.32/turn                t - ring of the Harvest {Fly rElec rF- rC- rN+++}
MPRegen 0.14/turn                D - ring of protection from cold

@: mighty, lethally poisoned (-5 -> -11), tree-form, on berserk cooldown,
slowed, very slow
A: stationary, stasis, torment immunity, boosted hp
a: Renounce Religion, Potion Petition, Call Merchant, Bribe Branch


You were on level 5 of the Lair of Beasts.
You worshipped Gozag.
Gozag was most pleased with you.
You were a tree.
You visited 3 branches of the dungeon, and saw 16 of its levels.
You also visited: Bailey.

You collected 3405 gold pieces.
You spent 1679 gold pieces at shops.
You paid 258 gold pieces to Gozag.

Inventory:

Hand Weapons
 a - a +4 war axe of venom (weapon)
Missiles
 e - 8 javelins (quivered)
Armour
 c - a +1 buckler (worn)
 g - the +5 scale mail of Too Many Cooks (melded) {rPois Str+3}
   (You bought it in a shop on level 8 of the Dungeon)

   Str:       It affects your strength (+3).
   rPois:     It protects you from poison.
 u - a +2 cloak (melded)
 K - a +0 pair of boots (melded)
 M - the +2 hat of the Bear Spirit (melded) {Spirit, Bear, *Rage Will++}
   (You bought it in a shop on level 8 of the Dungeon)

   Bear:      Going berserk makes the wearer exceptionally tough, and they are
   slowed for a shorter time afterward.
   *Rage:     It berserks you when you make melee attacks (+20% chance).
   Will:      It greatly increases your willpower.
Jewellery
 r - an amulet of regeneration (around neck)
 t - the ring of the Harvest (left branch) {Fly rElec rF- rC- rN+++}
   (You found it on level 5 of the Dungeon)

   [ring of flight]

   rF:        It makes you vulnerable to fire.
   rC:        It makes you vulnerable to cold.
   rElec:     It insulates you from electricity.
   rN:        It renders you almost immune to negative energy.
   Fly:       It grants you flight.
 D - a ring of protection from cold (right branch)
Wands
 d - a wand of flame (19)
 i - a wand of digging (1)
 v - a wand of polymorph (8)
 x - a wand of acid (5)
 E - a wand of iceblast (12)
 F - a wand of mindburst (13)
Scrolls
 b - a scroll of amnesia
 l - 5 scrolls of teleportation
 n - a scroll of magic mapping
 q - 3 scrolls of identify {@r1}
 s - 7 scrolls of fog
 y - 2 scrolls of brand weapon
 B - a scroll of fear
 H - a scroll of silence
 I - 2 scrolls of noise
 J - a scroll of poison
 L - a scroll of summoning
Potions
 h - 3 potions of flight
 j - 5 potions of mutation
 o - a potion of lignification
 p - a potion of brilliance
 w - 3 potions of cancellation
 C - a potion of attraction
 G - a potion of magic


   Skills:
 + Level 13.3 Fighting
 * Level 15.2 Axes
 + Level 9.7 Throwing
 + Level 12.1 Armour
 + Level 12.2 Shields


You had 13 spell levels left.
You didn't know any spells.
Your spell library contained the following spells:

 Spells                   Type           Power      Damage    Failure   Level
 Cigotuvi's Dreadful Rot  Necr/Pois/Air  0%         N/A       56%         2
 Sublimation of Blood     Necr           0%         N/A       56%         2
 Ignite Poison            Fire/Tmut/Pois 0%         N/A       80%         3
 Inner Flame              Hex/Fire       0%         N/A       80%         3
 Stone Arrow              Conj/Erth      0%         3d7       80%         3
 Animate Armour           Summ/Erth      0%         N/A       99%         4
 Dispel Undead            Necr           0%         3d6       99%         4
 Flame Wave               Conj/Fire      0%         2d4       99%         4
 Petrify                  Tmut/Erth      0%         N/A       99%         4
 Sticky Flame             Conj/Fire      0%         2d3       99%         4
 Freezing Cloud           Conj/Ice/Air   0%         6-21      100%        5
 Irradiate                Conj/Tmut      0%         3d11      100%        5
 Summon Forest            Summ/Tloc      0%         N/A       100%        5
 Summon Mana Viper        Hex/Summ       0%         N/A       100%        5
 Death Channel            Necr           0%         N/A       100%        6
 Summon Cactus Giant      Summ           0%         N/A       100%        6
 Lehudib's Crystal Spear  Conj/Erth      0%         10d2      100%        8


Dungeon Overview and Level Annotations

Branches:
Dungeon (10/15)            Temple (1/1) D:4            Lair (5/5) D:9
  Swamp (0/4) Lair:2        Snake (0/4) Lair:2       Bailey (visited)
  Slime: Lair:4-5       Orc: D:9-12

Altars:
Ashenzari
Cheibriados
Dithmenos
Elyvilon
Fedhas
Gozag
Hepliaklqana
Kikubaaqudgha
Makhleb
Nemelex Xobeh
Okawaru
Qazlal
Ru
Sif Muna
Trog
Uskayaw
Vehumet
Wu Jian
Xom
Yredelemnul
Zin
The Shining One
Lugonu

Shops:
D:3 **   D:4 [   D:7 *   D:8 [

Annotations:
D:4 1 runed translucent door
Lair:4 exclusion: 3 oklob plants


Message History

* * * LOW HITPOINT WARNING * * *
The wolf spider bites you but does no damage.
The redback bites you.
* * * LOW HITPOINT WARNING * * *
The guardian serpent coils itself and waves its upper body at you.
The bolt of poison misses you.
The bolt of poison hits the cane toad.
The cane toad is poisoned.
The cane toad stings you.
* * * LOW HITPOINT WARNING * * *
You are lethally poisoned!
The cane toad poisons you!
Really quaff the potion of lignification?
You turn into a tree.
Your +2 cloak melds into your body.
The +2 hat of the Bear Spirit {Spirit, Bear, *Rage Will++} melds into your body.
Your +0 pair of boots melds into your body.
The +5 scale mail of Too Many Cooks {rPois Str+3} melds into your body.
You feel strangely alone.
Your roots penetrate the ground.
* * * LOW HITPOINT WARNING * * *
You feel very sick. You block the black mamba's attack.
You block the wyvern's attack. You block the wolf spider's attack.
The wolf spider bites you but does no damage.
The guardian serpent coils itself and waves its upper body at you.
You feel yourself slow down.
The redback bites you but does no damage.
The black mamba bites you but does no damage.
The cane toad stings you but does no damage.
You block the wyvern's attack.
The wolf spider hits you but does no damage.
The wolf spider bites you but does no damage.
You feel very mighty all of a sudden.
* * * LOW HITPOINT WARNING * * *
You feel very sick. The black mamba bites you.
* * * LOW HITPOINT WARNING * * *
The guardian serpent casts a spell at you.
You resist with some effort. The redback bites you.
* * * LOW HITPOINT WARNING * * *
The wyvern bites you!
You die...
Your body crumbles into a pile of gold.

####### ##### ####
##P##..###########.#.#####
#..#####..#.P..s.##.#.#.#).#.#.#.
..............S.♣F..............#
..P........§...Sls......##..##..#
.P.#..................####.####..
#####.................P##..###..#
...#..................##....#....
..#....................#.....#..#
...#....$.....[.................#
.###...................##.......#
## #...................##..#.....


You could see a wolf spider, a guardian serpent, a black mamba, a cane toad
(poisoned), a wyvern and a redback (very poisoned).

Vanquished Creatures
  Gastronok (D:8)
  A dire elephant (Lair:5)
  Snorg (Lair:3)
  2 vault guards (Bailey)
  A catoblepas (Lair:5)
  2 hydras (Lair:4)
  5 death yaks (Lair:4)
  2 lindwurms (Lair:5)
  Pikel (D:8)
  Maurice (D:8)
  A manticore (Lair:5)
  9 elephants (Lair:4)
  6 black mambas
  A gargoyle (D:10)
  2 torpor snails
  9 cane toads
  Psyche (D:8)
  Maggie (D:8)
  3 komodo dragons
  A kobold demonologist (D:9)
  2 rime drakes
  2 hornets
  Grinder (D:6)
  2 polar bears
  Prince Ribbit (Bailey)
  6 blink frogs
  8 dream sheep
  The ghost of dracfodder the Cudgeller, an amateur GrFi (D:4)
  2 shadows (D:10)
  39 yaks
  3 humans (Bailey)
  10 wyverns
  Eustachio (D:6)
  3 basilisks
  Grum (D:8)
  A steam dragon (D:8)
  Menkaure (D:4)
  16 water moccasins
  2 ice beasts
  A sky beast (D:7)
  7 orc warriors
  2 black bears
  An ogre (D:5)
  2 wolves (D:8)
  2 centaurs
  A lemure (D:8)
  22 bullfrogs
  Blork the orc (D:4)
  2 kobold brigands
  3 scorpions
  A gnoll sergeant (D:7)
  3 wights (D:7)
  20 killer bees
  A howler monkey (D:5)
  4 hounds
  A jelly (D:5)
  Crazy Yiuf (D:5)
  2 orc priests
  4 iguanas
  Ijyb (D:2)
  10 orc wizards
  A hell rat (D:9)
  4 adders
  9 gnolls
  A river rat (D:9)
  A white imp (D:6)
  3 worms
  7 dart slugs
  38 orcs
  5 bats
  3 endoplasms
  2 giant cockroaches
  16 goblins
  6 hobgoblins
  3 jackals (D:2)
  7 quokkas
  3 ball pythons (D:1)
  2 frilled lizards
  23 kobolds
  15 rats
  A spectral orc (D:7)
395 creatures vanquished.

Vanquished Creatures (others)
  20 fungi
  42 plants
62 creatures vanquished.

Grand Total: 457 creatures vanquished

Notes
Turn   | Place    | Note
-------+----------+-------------------------------------------
     0 | D:1      | leviel the Hill Orc Fighter began the quest for the Orb.
     0 | D:1      | Reached XP level 1. HP: 19/19 MP: 1/1
    18 | D:1      | Reached skill level 3 in Axes
    18 | D:1      | Reached XP level 2. HP: 17/27 MP: 2/2
   161 | D:1      | Reached XP level 3. HP: 27/33 MP: 3/3
  1077 | D:2      | Reached XP level 4. HP: 40/40 MP: 4/4
  1114 | D:2      | Noticed Ijyb
  1122 | D:2      | Killed Ijyb
  1739 | D:3      | Reached skill level 1 in Throwing
  1741 | D:3      | Found Gozag's Platinum Reserve.
  1780 | D:3      | Reached XP level 5. HP: 37/47 MP: 5/5
  2068 | D:3      | Reached skill level 4 in Axes
  2150 | D:3      | Found Mykhoez's General Store.
  2171 | D:3      | Bought a potion of heal wounds for 60 gold pieces
  2171 | D:3      | Bought a scroll of magic mapping for 90 gold pieces
  2218 | D:3      | Found a stormy altar of Qazlal.
  2316 | D:3      | Found a shadowy altar of Dithmenos.
  2369 | D:3      | Found an opulent altar of Gozag.
  2436 | D:4      | Noticed Blork the orc
  2448 | D:4      | Killed Blork the orc
  2449 | D:4      | Reached XP level 6. HP: 29/55 MP: 6/6
  2826 | D:4      | Found a bloodstained altar of Trog.
  2826 | D:4      | Found a broken altar of Ashenzari.
  2874 | D:4      | Reached skill level 5 in Fighting
  2874 | D:4      | Found Pythraet's Armour Shop.
  2874 | D:4      | Noticed Menkaure
  2883 | D:4      | Killed Menkaure
  3213 | D:4      | Found a staircase to the Ecumenical Temple.
  3254 | D:4      | Found a runed translucent door.
  3301 | D:4      | Found a runed translucent door.
  3318 | D:4      | Noticed dracfodder's ghost (amateur GrFi)
  3385 | D:4      | Reached skill level 5 in Axes
  3385 | D:4      | Reached XP level 7. HP: 60/61 MP: 7/7
  3390 | D:4      | Killed dracfodder's ghost
  3391 | D:4      | Reached skill level 5 in Armour
  3391 | D:4      | Reached skill level 5 in Shields
  3435 | D:5      | Entered Level 5 of the Dungeon
  3617 | D:5      | Identified the ring of the Harvest {Fly rElec rF- rC-
                  | rN+++}
  3667 | D:5      | Reached XP level 8. HP: 52/70 MP: 8/8
  3784 | D:5      | Reached skill level 6 in Axes
  4024 | D:5      | Found a runed translucent door.
  4025 | D:5      | Noticed Crazy Yiuf
  4151 | D:5      | Killed Crazy Yiuf
  4287 | D:6      | Noticed Eustachio
  4295 | D:6      | Killed Eustachio
  4440 | D:6      | Found a burning altar of Makhleb.
  4523 | D:6      | Noticed Grinder
  4530 | D:6      | Killed Grinder
  4531 | D:6      | Reached skill level 7 in Axes
  4531 | D:6      | Reached XP level 9. HP: 73/79 MP: 9/9
  4860 | Temple   | Entered the Ecumenical Temple
  4963 | D:3      | Became a worshipper of Gozag Ym Sagoz the Greedy
  5397 | D:7      | Found a blossoming altar of Fedhas.
  5425 | D:7      | Reached skill level 8 in Axes
  5593 | D:7      | Found Rigee's General Store.
  5600 | D:7      | Found a shimmering altar of Xom.
  5601 | D:7      | Bought a potion of heal wounds for 50 gold pieces
  5601 | D:7      | Bought a scroll of blinking for 75 gold pieces
  5692 | D:7      | Found a sacrificial altar of Ru.
  5851 | D:7      | Found a basalt altar of Yredelemnul.
  5907 | D:8      | Found Zetiap Vouf's Antique Armour Shoppe.
  5918 | D:8      | Reached skill level 5 in Throwing
  5952 | D:8      | Noticed Maggie
  5952 | D:8      | Noticed Psyche
  5972 | D:8      | Killed Maggie
  5973 | D:8      | Reached XP level 10. HP: 66/90 MP: 10/10
  5975 | D:8      | Killed Psyche
  5984 | D:8      | Noticed Grum
  5998 | D:8      | Killed Grum
  6002 | D:8      | Noticed Gastronok
  6023 | D:8      | Found a shimmering blue altar of Sif Muna.
  6027 | D:8      | Killed Gastronok
  6028 | D:8      | Reached skill level 9 in Axes
  6047 | D:8      | Found a glowing golden altar of the Shining One.
  6089 | D:8      | Found a flagged portal.
  6098 | Bailey   | Entered a bailey
  6214 | Bailey   | Noticed a vault guard
  6214 | Bailey   | Noticed Prince Ribbit
  6220 | Bailey   | Killed Prince Ribbit
  6229 | Bailey   | Killed a vault guard
  6230 | Bailey   | Reached skill level 10 in Axes
  6230 | Bailey   | Reached XP level 11. HP: 33/99 MP: 11/11
  6316 | Bailey   | Noticed a vault guard
  6329 | Bailey   | Killed a vault guard
  6477 | D:8      | Reached skill level 10 in Fighting
  6510 | D:8      | Bought a tiger eye-encrusted scale mail for 288 gold pieces
  6510 | D:8      | Identified the +5 scale mail of Too Many Cooks {rPois
                  | Str+3} (You bought it in a shop on level 8 of the Dungeon)
  6603 | D:8      | Noticed Maurice
  6639 | D:8      | Killed Maurice
  6871 | D:8      | Noticed Pikel
  6883 | D:8      | Killed Pikel
  7477 | D:9      | Noticed a sixfirhy
  7479 | D:9      | Reached skill level 11 in Axes
  7662 | D:9      | Noticed a death yak
  7664 | D:9      | Found a staircase to the Lair.
  7664 | D:9      | Noticed a death yak
  7664 | D:9      | Noticed a death yak
  7919 | D:10     | Entered Level 10 of the Dungeon
  8082 | D:10     | Found an ornate altar of the Wu Jian Council.
  8204 | D:10     | Found an ancient bone altar of Kikubaaqudgha.
  8204 | D:10     | Found a radiant altar of Vehumet.
  8306 | D:10     | Found a sparkling altar of Nemelex Xobeh.
  8881 | Lair:1   | Entered Level 1 of the Lair of Beasts
  8929 | Lair:1   | You are sucked into a shaft and drop 1 floor!
  8967 | Lair:2   | Reached XP level 12. HP: 59/108 MP: 12/12
  9027 | Lair:2   | Reached skill level 10 in Armour
  9027 | Lair:2   | Reached skill level 10 in Shields
  9057 | Lair:2   | Found a staircase to the Swamp.
  9210 | Lair:2   | Noticed Erica
  9211 | Lair:2   | Erica changed into Erica the dream sheep
  9211 | Lair:2   | Noticed Erica
  9219 | Lair:2   | Killed Erica the dream sheep
  9243 | Lair:2   | Found a staircase to the Snake Pit.
  9902 | Lair:3   | Noticed Snorg
  9910 | Lair:3   | Killed Snorg
  9911 | Lair:3   | Reached skill level 12 in Axes
 11238 | Lair:4   | Reached XP level 13. HP: 85/118 MP: 13/13
 11255 | Lair:4   | Reached skill level 13 in Axes
 11436 | D:8      | Bought the +2 hat of the Bear Spirit {Spirit, Bear, *Rage
                  | Will++} for 1116 gold pieces
 11436 | D:8      | Found the +2 hat of the Bear Spirit {Spirit, Bear, *Rage
                  | Will++}
 11966 | Lair:4   | Reached skill level 14 in Axes
 12813 | Lair:5   | Entered Level 5 of the Lair of Beasts
 12999 | Lair:5   | Noticed a dire elephant
 13011 | Lair:5   | Killed a dire elephant
 13285 | Lair:5   | Reached XP level 14. HP: 108/129 MP: 10/14
 13290 | Lair:5   | Reached skill level 15 in Axes
 13321 | Lair:5   | HP: 6/129 [guardian serpent (17)]
 13336 | Lair:5   | HP: 9/193 [poisoned by a cane toad]
 13336 | Lair:5   | Slain by a wyvern

Illustrated notes

Levels and vault maps discovered:
D:1:      sevenhm_arrival_forest_fort_small_4, layout_rooms
D:2:      kennysheep_the_goblin_king, layout_basic
D:3:      layout_basic, nicolae_gozag_zags_fifth_avenue,
          nicolae_dithmenos_the_darkroom, nicolae_qazlal_eye_of_the_storm,
          serial_shops, shop
D:4:      minmay_polygon_palace, layout_rooms, gammafunk_temple_overflow_statue,
          minmay_temple_entry_overgrown, serial_shops, shop,
          ebering_ghost_sewer_f, minmay_strange_pillars, uniq_blork_the_orc,
          uniq_menkaure
D:5:      layout_loops_ring, uniq_crazy_yiuf_cottage
D:6:      layout_cave_pools, amcnicky_altar_gilded, uniq_grinder, uniq_eustachio
D:7:      layout_loops_ring, mainiacjoe_overflow_paths,
          nicolae_ru_sacrificial_ziggurat, nicolae_overflow_hidden_temple,
          yredelemnul_forgotten_temple_becter, serial_shops, shop
D:8:      layout_basic, mainiacjoe_overflow_concentric_impassable,
          nicolae_overflow_crystal_walls, serial_shops,
          nicolae_shop_getting_attention, enter_bailey_7, uniq_grum,
          uniq_maurice, uniq_pikel, uniq_gastronok, uniq_maggie, uniq_psyche
D:9:      layout_basic, dpeg_lair_monsters
D:10:     layout_layer_cave, mainiacjoe_overflow_boulevard,
          pdpol_wu_jian_five_deadly_venoms,
          chequers_temple_overflow_statue_of_worship
Temple:   corrupted_temple
Lair:1:   layout_cellular_growth, minmay_stone_trees_small, serial_bayou_shore_b
Lair:2:   layout_long_grid, swamp_mist, dummy_snake_entry, uniq_erica
Lair:3:   layout_cave_pods, st_stairs_12, chequers_serial_rivers_marsh,
          beast_lair_carwin_4, uniq_snorg
Lair:4:   layout_cave_pods, minmay_slime_entry_oklob_enclosed,
          chequers_serial_rivers_micro_e, hangedman_lair_unloving_vines,
          grunt_megastairs_2, infiniplex_staircase_pool_2, lemuel_fruit_fields,
          lemuel_fruit_tree
Lair:5:   hangedman_lair_in_review, layout_regular_city,
          hangedman_lair_tendril_chambers

Skill      XL: |  1  2  3  4  5  6  7  8  9 10 11 12 13 14 |
---------------+-------------------------------------------+-----
Axes           | 3 4 5 7 8 10 11 12 14 15 | 15.2
Fighting       | 4 5 6 7 8 9 10 12 13 | 13.3
Shields        | 4 5 6 7 8 9 11 12 | 12.2
Throwing       | 1 2 3 4 5 6 7 8 9 |  9.7
Armour         | 4 5 6 7 8 9 11 12 | 12.1

Action                     |  1- 3 |  4- 6 |  7- 9 | 10-12 | 13-15 || total
---------------------------+-------+-------+-------+-------+-------++-------
  Melee: War axe           |    96 |   132 |   206 |   514 |   320 ||  1268
         Unarmed           |       |       |    17 |     4 |       ||    21
  Throw: Javelin           |     8 |     7 |     2 |    12 |     5 ||    34
  Evoke: Wand              |       |       |       |     5 |     2 ||     7
    Use: Scroll            |     5 |     5 |     6 |     8 |     7 ||    31
         Potion            |       |     2 |     1 |     7 |     6 ||    16
   Stab: Confused          |       |       |     2 |     1 |       ||     3
         Distracted        |       |       |       |     4 |     3 ||     7
         Invisible         |       |       |       |     3 |       ||     3
         Petrifying        |       |       |       |       |     1 ||     1
 Armour: Scale mail        |    71 |    58 |    70 |   280 |   222 ||   701
         Skin              |       |       |     4 |     1 |     6 ||    11
  Dodge: Dodged            |    58 |    45 |    98 |   196 |   117 ||   514
  Block: Buckler           |    24 |    34 |    59 |   171 |   119 ||   407

Table legend: (Time is in decaauts)
 A = Elapsed time spent in this place.
 B = Non-inter-level travel time spent in this place.
 C = Inter-level travel time spent in this place.
 D = Time resting spent in this place.
 E = Time spent auto-exploring this place.
 F = Levels seen in this place.
 G = Mean time per level.
                   A        B        C        D        E       F      G
               +--------+--------+--------+--------+--------+-----+--------+
         Total |  13563 |  12475 |   1088 |   1509 |   8227 |  17 |  797.8 |
       Dungeon |   8823 |   7988 |    835 |    846 |   5486 |  10 |  882.3 |
        Temple |     43 |     31 |     12 |      0 |     24 |   1 |   43.0 |
          Lair |   4357 |   4117 |    240 |    601 |   2603 |   5 |  871.4 |
        Bailey |    338 |    338 |      0 |     62 |    114 |   1 |  338.0 |
               +--------+--------+--------+--------+--------+-----+--------+

Top non-repeatable levels by time:
  Lair:3: 1467 daAuts
  Lair:4: 1399 daAuts
     D:8: 1078 daAuts
     D:4: 1050 daAuts
     D:2: 1033 daAuts
     D:5: 912 daAuts
    D:10: 909 daAuts
  Lair:2: 874 daAuts
     D:9: 848 daAuts
     D:3: 841 daAuts
     D:7: 833 daAuts
     D:1: 758 daAuts
     D:6: 556 daAuts
  Lair:5: 535 daAuts
  Bailey: 338 daAuts
